[Event "WTCC-50 2018"]
[Site "Radebeul"]
[Date "2018.07.11"]
[Round "5"]
[White "Ehlvest, Jaan"]
[Black "Schoene, Ralf"]
[Result "1-0"]
[ECO "C47"]
[WhiteElo "2536"]
[BlackElo "2256"]
[Annotator "ChessBase"]
[PlyCount "76"]
[EventDate "2018.07.07"]
[EventType "team-tourn"]
[EventCountry "GER"]
[SourceTitle "playchess.com"]
[Source "ChessBase"]
[SourceQuality "1"]
[TimeControl "40/5400+30:1800+30"]

1. e4 e5 2. Nf3 Nc6 3. Nc3 Nf6 4. g3 Bc5 5. Bg2 d6 6. d3 O-O 7. O-O Bg4 8. h3 Bxf3 9. Bxf3 a6 10. Bg2 b5 11. a3 Ne7 12. Kh2 Ne8 13. Ne2 c6 14. f4 Ba7 15. c3 c5 16. Ng1 Rc8 17. f5 d5 18. exd5 Nxd5 19. Nf3 Qd6 20. Ng5 Nef6 21. Ne4 Qb6 22. a4 Nxe4 23. dxe4 Nf6 24. axb5 axb5 25. Be3 Rfd8 26. Qe2 Rd7 27. g4 Qb8 28. g5 Ne8 29. Rfd1 Rxd1 30. Qxd1 Rd8 31. Qe2 Nd6 32. b3 Bb6 33. c4 bxc4 34. bxc4 Qc7 35. Qa2 Nc8 36. Qa4 Na7 37. Rd1 Kf8 38. f6 Nc6 1-0

[Event "WTCC-50 2018"]
[Site "Radebeul"]
[Date "2018.07.11"]
[Round "5"]
[White "Schlosser, Philipp"]
[Black "Taggatz, Mario"]
[Result "1-0"]
[ECO "A21"]
[WhiteElo "2501"]
[BlackElo "2191"]
[Annotator "ChessBase"]
[PlyCount "81"]
[EventDate "2018.07.07"]
[EventType "team-tourn"]
[EventCountry "GER"]
[SourceTitle "playchess.com"]
[Source "ChessBase"]
[SourceQuality "1"]
[TimeControl "40/5400+30:1800+30"]

1. c4 e5 2. Nc3 d6 3. Nf3 f5 4. d4 e4 5. Ng5 Be7 6. Nd5 c6 7. Nxe7 Qxe7 8. Nh3 Nf6 9. Bf4 O-O 10. e3 Rd8 11. Be2 c5 12. O-O Na6 13. Bg5 Be6 14. f3 exf3 15. Rxf3 h6 16. Bxf6 Qxf6 17. Nf4 Nc7 18. Qd2 Bf7 19. Raf1 Qe7 20. Bd3 g6 21. Rg3 Kh7 22. Qf2 Rg8 23. Ne2 Raf8 24. Nc3 Ne8 25. Rf3 cxd4 26. exd4 Nf6 27. h3 Qc7 28. b3 Rg7 29. Nb5 Qb6 30. d5 Qd8 31. Qxa7 Nd7 32. Bb1 Ne5 33. R3f2 Qd7 34. Qb6 Rd8 35. Qc7 Be8 36. Qxd7 Rgxd7 37. Nd4 Bf7 38. Re2 Re8 39. Nxf5 Rdd8 40. Nd4 Kg7 41. Rfe1 1-0

[Event "WTCC-50 2018"]
[Site "Radebeul"]
[Date "2018.07.11"]
[Round "5"]
[White "Speelman, Jon S"]
[Black "Graf, Alexander"]
[Result "1/2-1/2"]
[ECO "A05"]
[WhiteElo "2493"]
[BlackElo "2561"]
[Annotator "ChessBase"]
[PlyCount "89"]
[EventDate "2018.07.07"]
[EventType "team-tourn"]
[EventCountry "GER"]
[SourceTitle "playchess.com"]
[Source "ChessBase"]
[SourceQuality "1"]
[TimeControl "40/5400+30:1800+30"]

1. Nf3 Nf6 2. c4 e6 3. g3 d5 4. d4 Bb4+ 5. Bd2 Be7 6. Bg2 O-O 7. O-O c6 8. Qc2 b6 9. Rc1 Bb7 10. Bg5 h6 11. Bxf6 Bxf6 12. Nbd2 Na6 13. e4 dxe4 14. Nxe4 c5 15. Nxf6+ Qxf6 16. Ng5 hxg5 17. Bxb7 Nb4 18. Qb3 Rab8 19. Bg2 Qf5 20. a3 Nd3 21. Rd1 Nxf2 22. Rf1 Qd3 23. Qxd3 Nxd3 24. d5 Nxb2 25. Rfc1 exd5 26. Bxd5 Nd3 27. Rc3 Ne5 28. Re3 Ng4 29. Re7 a5 30. Rae1 Nf6 31. Ra7 Nxd5 32. cxd5 Rbd8 33. Re5 Rd6 34. Rxg5 Rfd8 35. Rb7 c4 36. Rg4 Rxd5 37. Rxc4 Rd1+ 38. Kg2 R8d2+ 39. Kh3 Rh1 40. Rb8+ Kh7 41. Rh4+ Kg6 42. Rxb6+ f6 43. Rg4+ Kh5 44. Rh4+ Kg5 45. Rg4+ 1/2-1/2

[Event "WTCC-50 2018"]
[Site "Radebeul"]
[Date "2018.07.11"]
[Round "5"]
[White "Kudrin, Sergey"]
[Black "Vollak, Andreas"]
[Result "1/2-1/2"]
[ECO "C10"]
[WhiteElo "2468"]
[BlackElo "2027"]
[Annotator "ChessBase"]
[PlyCount "46"]
[EventDate "2018.07.07"]
[EventType "team-tourn"]
[EventCountry "GER"]
[SourceTitle "playchess.com"]
[Source "ChessBase"]
[SourceQuality "1"]
[TimeControl "40/5400+30:1800+30"]

1. e4 e6 2. d4 d5 3. Nd2 dxe4 4. Nxe4 Nd7 5. g3 Ngf6 6. Nxf6+ Nxf6 7. Bg2 c5 8. Ne2 Bd6 9. O-O O-O 10. c4 Qc7 11. Nc3 Bd7 12. Be3 cxd4 13. Bxd4 Be7 14. Qe2 Rac8 15. b3 Bc6 16. Nb5 Bxb5 17. cxb5 Rfd8 18. Rfd1 h6 19. a4 Nd5 20. a5 b6 21. axb6 axb6 22. Qg4 Bf8 23. h4 Qc2 1/2-1/2

[Event "WTCC-50 2018"]
[Site "Radebeul"]
[Date "2018.07.11"]
[Round "5"]
[White "Penzold, Andreas"]
[Black "Benjamin, Joel"]
[Result "0-1"]
[ECO "A21"]
[WhiteElo "2389"]
[BlackElo "2544"]
[Annotator "ChessBase"]
[PlyCount "52"]
[EventDate "2018.07.07"]
[EventType "team-tourn"]
[EventCountry "GER"]
[SourceTitle "playchess.com"]
[Source "ChessBase"]
[SourceQuality "1"]
[TimeControl "40/5400+30:1800+30"]

1. c4 e5 2. Nc3 Bb4 3. Nd5 Bc5 4. Nf3 c6 5. Nc3 d6 6. d4 exd4 7. Nxd4 Nf6 8. Nb3 Bb4 9. Qd3 Nbd7 10. a3 Ne5 11. Qg3 Bxc3+ 12. Qxc3 O-O 13. Bf4 Re8 14. Nd2 h6 15. e3 Ng6 16. Bg3 d5 17. Be2 Bg4 18. Qd4 Bxe2 19. Kxe2 Qa5 20. b4 Qa6 21. Rhc1 Rad8 22. Ke1 Ne4 23. c5 f5 24. f3 Ng5 25. Bd6 Ne6 26. Qc3 Nef4 0-1

[Event "WTCC-50 2018"]
[Site "Radebeul"]
[Date "2018.07.11"]
[Round "5"]
[White "Casper, Thomas"]
[Black "Gempe, Thomas"]
[Result "1-0"]
[ECO "A05"]
[WhiteElo "2354"]
[BlackElo "2178"]
[Annotator "NA"]
[PlyCount "87"]
[EventDate "2018.07.07"]
[EventType "team-tourn"]
[EventCountry "GER"]
[SourceTitle "playchess.com"]
[Source "ChessBase"]
[SourceQuality "1"]
[TimeControl "40/5400+30:1800+30"]

1. Nf3 Nf6 2. g3 d5 3. Bg2 Bf5 4. d3 h6 5. O-O e6 6. Nbd2 Be7 7. b3 O-O 8. Bb2 c5 9. Ne5 Nfd7 10. e4 dxe4 11. dxe4 Bh7 12. Nxd7 Nxd7 13. Nc4 Qc7 14. a4 Bf6 15. Bxf6 Nxf6 16. Qd6 Rac8 17. f3 Rfd8 18. Qxc7 Rxc7 19. Rfd1 Rcd7 20. Rxd7 Rxd7 21. Kf2 Ne8 22. Ke2 f6 23. Rd1 Rxd1 24. Kxd1 Kf8 25. f4 b6 26. Kd2 Ke7 27. e5 Kd7 28. c3 Nc7 29. a5 b5 30. Nd6 fxe5 31. fxe5 Bb1 32. Nb7 c4 33. b4 Bg6 34. Ke3 Be8 35. Nd6 Kd8 36. Nxe8 Kxe8 37. Kd4 Kd7 38. Kc5 a6 39. Bc6+ Ke7 40. Kb6 Kd8 41. Kb7 g5 42. g4 Nd5 43. Kxa6 Nxc3 44. Kb7 1-0

[Event "WTCC-50 2018"]
[Site "Radebeul"]
[Date "2018.07.11"]
[Round "5"]
[White "Paehtz, Thomas"]
[Black "Schultz, Andreas"]
[Result "1-0"]
[ECO "D02"]
[WhiteElo "2347"]
[BlackElo "2211"]
[Annotator "NA"]
[PlyCount "81"]
[EventDate "2018.07.07"]
[EventType "team-tourn"]
[EventCountry "GER"]
[SourceTitle "playchess.com"]
[Source "ChessBase"]
[SourceQuality "1"]
[TimeControl "40/5400+30:1800+30"]

1. d4 d5 2. Nf3 Nf6 3. Bf4 e6 4. e3 Bd6 5. Nbd2 O-O 6. Bg3 b6 7. c3 Bb7 8. Bd3 Ne4 9. Qc2 f5 10. Ne5 Nxd2 11. Qxd2 Nd7 12. Nxd7 Qxd7 13. O-O-O Qa4 14. Kb1 Ba6 15. Bc2 Qd7 16. Be5 Rad8 17. f4 Qe7 18. Qf2 Bxe5 19. dxe5 Kh8 20. g4 Bb7 21. Rhg1 c5 22. gxf5 exf5 23. Rg5 Bc8 24. Rdg1 Rf7 25. Rh5 Rg8 26. Qg2 g6 27. Rg5 Be6 28. h4 Rfg7 29. Bb3 Qf7 30. Qe2 h6 31. R5g2 h5 32. Rd1 c4 33. Bc2 Kh7 34. Rg5 b5 35. Rdg1 a5 36. Qd2 Rh8 37. Bd1 Kg8 38. Bf3 Kf8 39. Qd4 Qa7 40. Qxa7 Rxa7 41. Rxg6 1-0

[Event "WTCC-50 2018"]
[Site "Radebeul"]
[Date "2018.07.11"]
[Round "5"]
[White "Goh, Cheng Hong"]
[Black "Dietze, Frank"]
[Result "1/2-1/2"]
[ECO "A05"]
[WhiteElo "2323"]
[BlackElo "2203"]
[Annotator "NA"]
[PlyCount "30"]
[EventDate "2018.07.07"]
[EventType "team-tourn"]
[EventCountry "GER"]
[SourceTitle "playchess.com"]
[Source "ChessBase"]
[SourceQuality "1"]
[TimeControl "40/5400+30:1800+30"]

1. Nf3 Nf6 2. g3 g6 3. b3 Bg7 4. Bb2 O-O 5. Bg2 d6 6. O-O e5 7. d3 c6 8. c4 Nbd7 9. Qc2 Re8 10. Nbd2 Nh5 11. e4 Nf8 12. d4 c5 13. dxc5 dxc5 14. Nb1 Ne6 15. Nc3 Nd4 1/2-1/2

[Event "WTCC-50 2018"]
[Site "Radebeul"]
[Date "2018.07.11"]
[Round "5"]
[White "Wolf, Volker"]
[Black "Tolhuizen, Ludo"]
[Result "1-0"]
[ECO "A00"]
[WhiteElo "2323"]
[BlackElo "2118"]
[Annotator "NA"]
[PlyCount "129"]
[EventDate "2018.07.07"]
[EventType "team-tourn"]
[EventCountry "GER"]
[SourceTitle "playchess.com"]
[Source "ChessBase"]
[SourceQuality "1"]
[TimeControl "40/5400+30:1800+30"]

1. g3 d5 2. Bg2 Nf6 3. d3 c5 4. f4 Nc6 5. Nf3 g6 6. O-O Bg7 7. Nc3 d4 8. Na4 Nd7 9. c4 Rb8 {[%emt 0:05:00] A03: Bird's Opening with 1...d5} (9... O-O 10. e4 dxe3 11. Bxe3 Nd4 12. Rb1 Rb8 13. b4 Nxf3+ 14. Bxf3 cxb4 15. Rxb4 b6 16. d4 Nf6 17. Nc3 {0-1 (32) Morozevich,A (2758)-Svidler,P (2684) ICC INT 1999 CBM 074 [Ftacnik,L]}) 10. a3 a6 11. Qc2 O-O 12. Rb1 Qc7 13. Bd2 b6 14. b4 Bb7 15. bxc5 bxc5 16. e4 $146 dxe3 17. Bxe3 Nd4 18. Nxd4 cxd4 19. Bd2 Bxg2 20. Kxg2 e5 21. Kg1 Qc6 22. Rb4 Rfe8 23. Rxb8 Rxb8 24. fxe5 Nxe5 25. Bf4 Re8 26. Bxe5 Rxe5 27. Nb2 Bf8 28. a4 Qe8 29. Nd1 Re2 30. Qb3 Bh6 31. c5 Re6 32. h3 Bf8 33. Nf2 Bxc5 34. Ng4 Kg7 35. Qc4 Ba7 36. Qc1 Qe7 37. Qh6+ Kg8 38. Rc1 Re1+ 39. Rxe1 Qxe1+ 40. Kg2 Qe2+ 41. Kg1 Qf3 42. Qf4 Qxf4 43. gxf4 f5 44. Nf6+ Kf7 45. Nxh7 Bb8 46. Ng5+ Ke7 47. Nf3 Bxf4 48. Kg2 Be3 49. Ne5 {[%emt 0:00:00] [#]} g5 $1 50. Nc6+ Kd6 51. Nb4 Bc1 52. Kg3 Ba3 $2 53. Nc2 $1 Bb2 54. Nb4 Ba3 ({Better is} 54... Bc1 $17 55. h4 gxh4+ 56. Kxh4 Ba3) 55. Nc2 Bb2 56. Nb4 Ke6 57. Nxa6 Ba3 58. Nc7+ Ke5 59. a5 Bc5 60. a6 Kd6 61. a7 Bxa7 62. Nb5+ Kc6 63. Nxa7+ Kc5 64. Nc8 Kb4 65. Nd6 1-0

[Event "WTCC-50 2018"]
[Site "Radebeul"]
[Date "2018.07.11"]
[Round "5"]
[White "Wallner, Joachim"]
[Black "Jhunjhnuwala, Krishan"]
[Result "1-0"]
[ECO "A01"]
[WhiteElo "2311"]
[BlackElo "2340"]
[Annotator "NA"]
[PlyCount "59"]
[EventDate "2018.07.07"]
[EventType "team-tourn"]
[EventCountry "GER"]
[SourceTitle "playchess.com"]
[Source "ChessBase"]
[SourceQuality "1"]
[TimeControl "40/5400+30:1800+30"]

1. b3 d5 2. Bb2 c5 3. e3 e6 4. Nf3 Nf6 5. Be2 Be7 6. O-O Nc6 7. d4 cxd4 8. exd4 O-O 9. Nbd2 b6 10. Re1 Bb7 11. Bf1 Rc8 12. a3 Qc7 13. Bd3 Rfd8 14. Qe2 Bd6 15. Ne5 Ne7 16. Rac1 Ng6 17. g3 Qe7 18. Ra1 Bb8 19. f4 Ne8 20. Ndf3 Nd6 21. Nxg6 hxg6 22. Ng5 Re8 23. Qg4 f6 24. Rxe6 Qc7 25. Bxg6 fxg5 26. fxg5 Nf7 27. Rf1 Rxe6 28. Qxe6 Rf8 29. Bxf7+ Rxf7 30. g6 1-0

[Event "WTCC-50 2018"]
[Site "Radebeul"]
[Date "2018.07.11"]
[Round "5"]
[White "Fritsche, Lutz"]
[Black "Welling, Gerard"]
[Result "1-0"]
[ECO "B07"]
[WhiteElo "2303"]
[BlackElo "2317"]
[Annotator "NA"]
[PlyCount "33"]
[EventDate "2018.07.07"]
[EventType "team-tourn"]
[EventCountry "GER"]
[SourceTitle "playchess.com"]
[Source "ChessBase"]
[SourceQuality "1"]
[TimeControl "40/5400+30:1800+30"]

1. e4 d6 2. d4 Nf6 3. Nc3 e5 4. dxe5 dxe5 5. Qxd8+ Kxd8 6. f4 Bb4 7. Bd3 exf4 8. Bxf4 Be6 9. O-O-O Bxc3 10. bxc3 Nbd7 11. Nf3 Ng4 12. Rd2 h6 13. Rhd1 Kc8 14. h3 g5 15. Bg3 Ne3 16. Re1 Nc4 17. Bxc4 1-0

[Event "WTCC-50 2018"]
[Site "Radebeul"]
[Date "2018.07.11"]
[Round "5"]
[White "Druckenthaner, Andreas"]
[Black "Jhunjhnuwala, Ramesh"]
[Result "1-0"]
[ECO "B40"]
[WhiteElo "2296"]
[BlackElo "2260"]
[Annotator "NA"]
[PlyCount "101"]
[EventDate "2018.07.07"]
[EventType "team-tourn"]
[EventCountry "GER"]
[SourceTitle "playchess.com"]
[Source "ChessBase"]
[SourceQuality "1"]
[TimeControl "40/5400+30:1800+30"]

1. e4 c5 2. Nf3 e6 3. g3 d6 4. Bg2 Nf6 5. Nc3 Be7 6. O-O O-O 7. d3 Nc6 8. h3 Rb8 {[%emt 0:06:02] B50: Sicilian: 2...d6, Miscellaneous} 9. Bf4 (9. a4 b6 10. d4 cxd4 11. Nxd4 Nxd4 12. Qxd4 a6 13. Be3 Qc7 14. Qd3 Nd7 15. Rad1 Bb7 16. Bf4 {0-1 (32) Mozharov,M (2508)-Morozevich,A (2739) Moscow 2013}) 9... b5 10. e5 dxe5 11. Nxe5 Nxe5 12. Bxe5 Bd6 13. d4 $146 ({Predecessor:} 13. Bxd6 Qxd6 14. Ne4 Nxe4 15. dxe4 Qe5 16. c3 {½-½ (40) Cao,S (2492)-Chu,W (2243) Ho Chi Minh City 2013}) 13... b4 14. Ne2 Bb7 15. Nf4 Bxg2 16. Kxg2 cxd4 17. Qxd4 Bxe5 18. Qxe5 Qc8 19. Qe2 Qc6+ 20. Kg1 Rbc8 21. Rfc1 Rfd8 22. c3 bxc3 23. Rxc3 Qb7 24. Rd1 h6 25. Rxc8 Qxc8 26. Rxd8+ Qxd8 27. Qd3 Qa5 28. a3 Qe1+ 29. Qf1 Qd2 30. Qe2 Qc1+ 31. Kh2 Qc7 32. b4 e5 33. Nd3 e4 34. Nc5 Qe5 35. Qe3 h5 36. a4 h4 37. Kg2 hxg3 38. Qxg3 Qb2 39. Qb8+ Kh7 40. Qxa7 Qe2 41. Qb8 Qf3+ 42. Kg1 Nh5 {[%emt 0:16:41] [#]} 43. Qe5 $1 f5 44. Ne6 Kh6 45. Nd4 Qd1+ 46. Kg2 g5 (46... Qxa4 $142 47. b5 Qa7 48. Nxf5+ Kh7) 47. Qe6+ Kg7 48. Nxf5+ Kh7 49. Qh6+ Kg8 50. Qxg5+ Kh7 51. Qg4 1-0

[Event "WTCC-50 2018"]
[Site "Radebeul"]
[Date "2018.07.11"]
[Round "5"]
[White "Weitzer, Steffen"]
[Black "Enders, Peter"]
[Result "0-1"]
[ECO "A48"]
[WhiteElo "2288"]
[BlackElo "2445"]
[Annotator "NA"]
[PlyCount "99"]
[EventDate "2018.07.07"]
[EventType "team-tourn"]
[EventCountry "GER"]
[SourceTitle "playchess.com"]
[Source "ChessBase"]
[SourceQuality "1"]
[TimeControl "40/5400+30:1800+30"]

1. d4 Nf6 2. Nf3 g6 3. Bf4 Bg7 4. e3 d6 5. h3 O-O 6. c3 $11 {[%emt 0:00:05] LiveBook: 485 Partien} Nbd7 7. Bc4 b6 8. a4 a6 9. O-O Bb7 10. Re1 Qe8 11. Na3 e5 12. Bh2 Kh8 13. Bf1 Qe7 14. Nc4 e4 15. Nfd2 Ne8 16. Be2 f5 17. f4 Nef6 18. Kh1 Nd5 19. Bf1 Rae8 20. Qe2 N7f6 21. g3 Bh6 22. Bg2 g5 23. Rg1 Rg8 24. Raf1 Bc8 25. Rf2 Rg7 26. Na3 gxf4 27. gxf4 Qd7 28. a5 bxa5 29. Ndc4 a4 30. Bf1 Reg8 31. Rfg2 Qe8 32. Rxg7 Rxg7 33. Rxg7 Bxg7 34. Qd1 Ng8 35. Bg3 Bf6 36. Be2 Be6 37. Bf2 Bf7 38. Kh2 Nge7 39. Nd2 Ng6 40. Nf1 Qc6 41. Ng3 Nh4 42. Nh5 Be7 43. Qe1 Nf3+ 44. Bxf3 exf3 45. Ng3 Qb7 46. e4 fxe4 47. c4 Nxf4 48. Nf5 Qxb2 49. Qg1 Bf6 50. Kh1 0-1

[Event "WTCC-50 2018"]
[Site "Radebeul"]
[Date "2018.07.11"]
[Round "5"]
[White "Plotkin, Victor"]
[Black "Schmidt, Reiner"]
[Result "1-0"]
[ECO "C15"]
[WhiteElo "2248"]
[BlackElo "2185"]
[Annotator "NA"]
[PlyCount "80"]
[EventDate "2018.07.07"]
[EventType "team-tourn"]
[EventCountry "GER"]
[SourceTitle "playchess.com"]
[Source "ChessBase"]
[SourceQuality "1"]
[TimeControl "40/5400+30:1800+30"]

1. e4 e6 2. d4 d5 3. Nc3 Bb4 4. exd5 exd5 5. Bd3 Nc6 6. Nge2 Bg4 7. a3 Ba5 8. b4 Bb6 9. Bb5 Nge7 10. Bg5 f6 11. Be3 O-O 12. f3 Bh5 13. Bf2 a5 14. Rb1 axb4 15. axb4 Na7 16. Bd3 Nac8 17. O-O Nd6 18. Nf4 Bf7 19. Re1 Ra3 20. Qd2 Qd7 21. Ra1 Rfa8 22. Rxa3 Rxa3 23. Nce2 g5 24. Nh3 Bg6 25. Nc1 Nc4 26. Qe2 Nc6 27. Bxc4 dxc4 28. Qxc4+ Bf7 29. Qb5 Bxd4 30. Rd1 Bxf2+ 31. Nxf2 Qe7 32. Ne4 Kg7 33. c3 Ra1 34. Kf2 Ne5 35. Qe2 Bc4 36. Qe3 f5 37. Nxg5 Nd3+ 38. Rxd3 Qxe3+ 39. Rxe3 Rxc1 40. Re7+ Kf6 1-0

[Event "WTCC-50 2018"]
[Site "Radebeul"]
[Date "2018.07.11"]
[Round "5"]
[White "Wong, Meng Kong"]
[Black "Pruefer, Friedbert"]
[Result "1/2-1/2"]
[ECO "A00"]
[WhiteElo "2248"]
[BlackElo "2172"]
[Annotator "NA"]
[PlyCount "97"]
[EventDate "2018.07.07"]
[EventType "team-tourn"]
[EventCountry "GER"]
[SourceTitle "playchess.com"]
[Source "ChessBase"]
[SourceQuality "1"]
[TimeControl "40/5400+30:1800+30"]

1. g3 d5 2. f4 Nc6 3. Nf3 Nf6 4. c3 g6 5. Bg2 Bg7 6. O-O O-O 7. Na3 Qd6 8. d4 Bf5 9. Nc2 Be4 10. Ne3 e6 11. Bh3 Ne7 12. Ng5 c5 13. Nxe4 Nxe4 14. Nc2 c4 15. Bg2 Qc6 16. Ne3 Rfc8 17. Ng4 b5 18. Nf2 f5 19. e3 a5 20. Bd2 Rcb8 21. a3 Nc8 22. Qc2 Bf8 23. Nxe4 dxe4 24. Rfc1 a4 25. g4 Ne7 26. Be1 Nd5 27. Bf2 Ra7 28. Qe2 Be7 29. h3 Bd8 30. Kh1 Rbb7 31. Rc2 Qe8 32. Rg1 Kf8 33. Qe1 h5 34. gxh5 gxh5 35. Re2 Rg7 36. Bf1 Rxg1+ 37. Bxg1 Rg7 38. Rg2 Rxg2 39. Bxg2 Qg6 40. Bf2 h4 41. Kg1 Qh6 42. Kf1 Qh5 43. Qe2 Qxe2+ 44. Kxe2 Kg7 45. Bf1 Kg6 46. Be1 Be7 47. Bd2 Nb6 48. Kd1 Kh6 49. Ke2 1/2-1/2

[Event "WTCC-50 2018"]
[Site "Radebeul"]
[Date "2018.07.11"]
[Round "5"]
[White "Schunk, Thomas"]
[Black "Leow, Leslie M"]
[Result "0-1"]
[ECO "A88"]
[WhiteElo "2238"]
[BlackElo "2419"]
[Annotator "ChessBase"]
[PlyCount "166"]
[EventDate "2018.07.07"]
[EventType "team-tourn"]
[EventCountry "GER"]
[SourceTitle "playchess.com"]
[Source "ChessBase"]
[SourceQuality "1"]
[TimeControl "40/5400+30:1800+30"]

1. c4 f5 2. g3 Nf6 3. Bg2 g6 4. Nc3 Bg7 5. d4 O-O 6. Nf3 d6 7. O-O c6 8. Qc2 Qc7 9. b3 e5 10. dxe5 dxe5 11. Ba3 Re8 12. Rad1 e4 13. Bd6 Qa5 14. b4 Qa6 15. b5 Qa5 16. Nd4 Bd7 17. Nb3 Qd8 18. a4 Be6 19. Nc5 Qc8 20. f3 exf3 21. exf3 Bxc4 22. Rfe1 Nbd7 23. N3e4 Bd5 24. Nc3 Bf7 25. Rxe8+ Nxe8 26. Nxd7 Qxd7 27. Bc5 Qe6 28. Bf2 Qc4 29. Rc1 cxb5 30. Nxb5 Qxc2 31. Rxc2 Bb3 32. Rc1 a6 33. Nd4 Bxa4 34. f4 Rd8 35. Ne6 Rd7 36. Nc5 Rd1+ 37. Rxd1 Bxd1 38. Bd5+ Kh8 39. Nxb7 Bc3 40. Bb6 Be2 41. h3 Nf6 42. Bc6 Ne4 43. g4 Kg7 44. gxf5 gxf5 45. Bd7 Kg6 46. Be8+ Kf6 47. Bd7 Bb5 48. Bc8 Bd2 49. Bd8+ Kg6 50. Bc7 Nc5 51. Nd6 Bd3 52. Bb6 Na4 53. Bd4 Bxf4 54. Nxf5 Bxf5 55. Bxa6 Bd6 56. Bb5 Nc5 57. Be8+ Kg5 58. Bc6 Bxh3 59. Be3+ Kf6 60. Bd4+ Ke6 61. Be3 Bf5 62. Bf3 Kf6 63. Bd4+ Kg6 64. Bc6 h5 65. Be3 h4 66. Bf3 Nd3 67. Bc6 Kf6 68. Kh1 Ke6 69. Bb7 Kf7 70. Bd5+ Kg7 71. Bg5 Bg3 72. Be3 Kf6 73. Bd4+ Kg5 74. Be3+ Kg4 75. Kg1 Bg6 76. Kh1 Nf2+ 77. Kg1 Ne4 78. Be6+ Kf3 79. Bh6 Bf4 80. Bg7 Kg3 81. Bd4 Bh5 82. Bf5 Bf3 83. Be6 h3 0-1

[Event "WTCC-50 2018"]
[Site "Radebeul"]
[Date "2018.07.11"]
[Round "5"]
[White "Kempter, Ronald"]
[Black "Bischoff, Klaus"]
[Result "0-1"]
[ECO "A05"]
[WhiteElo "2233"]
[BlackElo "2510"]
[Annotator "ChessBase"]
[PlyCount "80"]
[EventDate "2018.07.07"]
[EventType "team-tourn"]
[EventCountry "GER"]
[SourceTitle "playchess.com"]
[Source "ChessBase"]
[SourceQuality "1"]
[TimeControl "40/5400+30:1800+30"]

1. Nf3 Nf6 2. g3 d5 3. Bg2 c6 4. O-O Nbd7 5. d4 e6 6. b3 b5 7. c4 Be7 8. Qc2 O-O 9. Nbd2 bxc4 10. bxc4 Ba6 11. Re1 c5 12. e4 dxc4 13. Qa4 Qc8 14. Nxc4 cxd4 15. Nce5 Nc5 16. Qxd4 Ncxe4 17. Be3 Rd8 18. Qa4 Nc3 19. Qc2 Ncd5 20. Qa4 Nc3 21. Qc2 Nfd5 22. Nxf7 Kxf7 23. Qxh7 Bf6 24. Ng5+ Bxg5 25. Qh5+ Kg8 26. Bxg5 Re8 27. Rac1 Qd7 28. Bd2 Nf6 29. Qg5 Ncd5 30. Re5 Bd3 31. Rce1 Bf5 32. h3 Rac8 33. g4 Bh7 34. Qh4 Qf7 35. g5 Nd7 36. R5e2 Nc5 37. Qd4 Red8 38. Ba5 Nb6 39. Qg4 Bf5 40. Qh4 Nd3 0-1

[Event "WTCC-50 2018"]
[Site "Radebeul"]
[Date "2018.07.11"]
[Round "5"]
[White "Bruch, Jochen"]
[Black "Cummings, David H"]
[Result "1-0"]
[ECO "A08"]
[WhiteElo "2222"]
[BlackElo "2336"]
[Annotator "ChessBase"]
[PlyCount "117"]
[EventDate "2018.07.07"]
[EventType "team-tourn"]
[EventCountry "GER"]
[SourceTitle "playchess.com"]
[Source "ChessBase"]
[SourceQuality "1"]
[TimeControl "40/5400+30:1800+30"]

1. Nf3 d5 2. g3 Nf6 3. Bg2 e6 4. O-O c5 5. d3 Nc6 6. Nbd2 Be7 7. e4 O-O 8. Re1 b5 9. e5 Nd7 10. Nf1 Bb7 11. h4 Qc7 12. Bf4 Rfc8 13. h5 h6 14. N1h2 Qd8 15. Ng4 Bf8 16. c3 a5 17. Qd2 b4 18. c4 Nb6 19. Qc1 Ra7 20. Ne3 Nd4 21. Nd2 a4 22. Qd1 Kh8 23. Rc1 dxc4 24. dxc4 Bxg2 25. Kxg2 Rd7 26. Qg4 Qc7 27. Ne4 Qc6 28. f3 Rcd8 29. Qh3 b3 30. a3 Nxf3 31. Kxf3 Rd3 32. Qh1 f5 33. exf6 gxf6 34. Ke2 f5 35. Nf2 Rd2+ 36. Kf1 Qd7 37. Rcd1 Qf7 38. Qc6 Rxd1 39. Rxd1 Rxd1+ 40. Nfxd1 Nd7 41. Bd6 Bg7 42. Qxa4 Ne5 43. Qxb3 Nc6 44. Qb6 Nd4 45. Bxc5 Nf3 46. Kf2 Ng5 47. Ke2 Qxh5+ 48. Kd3 Qf3 49. Qb8+ Kh7 50. Qf4 Qb7 51. Kc2 Ne4 52. Bb4 Qd7 53. g4 Ng5 54. gxf5 e5 55. Qg4 e4 56. Nd5 Qc6 57. N1e3 Qa4+ 58. b3 Qe8 59. f6 1-0

[Event "WTCC-50 2018"]
[Site "Radebeul"]
[Date "2018.07.11"]
[Round "5"]
[White "Schoeneberg, Manfred"]
[Black "Brueggemann, Joachim"]
[Result "1/2-1/2"]
[ECO "B46"]
[WhiteElo "2199"]
[BlackElo "2293"]
[Annotator "NA"]
[PlyCount "21"]
[EventDate "2018.07.07"]
[EventType "team-tourn"]
[EventCountry "GER"]
[SourceTitle "playchess.com"]
[Source "ChessBase"]
[SourceQuality "1"]
[TimeControl "40/5400+30:1800+30"]

1. e4 c5 2. Nc3 Nc6 3. Nf3 a6 4. d4 cxd4 5. Nxd4 e6 6. Be3 Qc7 7. Bd3 Nf6 8. h3 Bb4 9. O-O Nxd4 10. Bxd4 Bc5 11. Bxc5 1/2-1/2

[Event "WTCC-50 2018"]
[Site "Radebeul"]
[Date "2018.07.11"]
[Round "5"]
[White "Kargoll, Peter"]
[Black "Findlay, Ian T"]
[Result "0-1"]
[ECO "A46"]
[WhiteElo "2176"]
[BlackElo "2244"]
[Annotator "ChessBase"]
[PlyCount "98"]
[EventDate "2018.07.07"]
[EventType "team-tourn"]
[EventCountry "GER"]
[SourceTitle "playchess.com"]
[Source "ChessBase"]
[SourceQuality "1"]
[TimeControl "40/5400+30:1800+30"]

1. d4 Nf6 2. Nf3 d5 3. c3 g6 4. Bf4 Bg7 5. e3 Nbd7 6. Be2 O-O 7. Ne5 c6 8. Nd2 Ne4 9. Nxd7 Bxd7 10. Nxe4 dxe4 11. Qc2 Bf5 12. g4 Be6 13. Rg1 Qd5 14. b3 b5 15. Rd1 Rad8 16. h4 h6 17. f3 exf3 18. e4 fxe2 19. exd5 exd1=Q+ 20. Qxd1 Rxd5 21. b4 Ra8 22. Qc1 a5 23. bxa5 Rxa5 24. a3 c5 25. dxc5 Rxc5 26. Rg3 Kh7 27. h5 g5 28. Qb1+ Kg8 29. Bd2 Ra4 30. Rd3 Rxg4 31. Rd8+ Bf8 32. Rxf8+ Kxf8 33. Qh7 Ke8 34. Qxh6 Re5+ 35. Kf2 Rf5+ 36. Ke3 Bd5 37. Qb6 Rf3+ 38. Ke2 Rg2+ 39. Ke1 Rh3 40. Qb8+ Kd7 41. Qxb5+ Ke6 42. Qa6+ Ke5 43. Qf1 Bf3 44. Qb5+ Kf6 45. Bxg5+ Rxg5 46. Qb6+ Kg7 47. Qd4+ f6 48. h6+ Kf7 49. Qc4+ Bd5 0-1

[Event "WTCC-50 2018"]
[Site "Radebeul"]
[Date "2018.07.11"]
[Round "5"]
[White "Sirotkina, Nina"]
[Black "Bowmer, Kevin"]
[Result "1-0"]
[ECO "A48"]
[WhiteElo "2175"]
[BlackElo "2039"]
[Annotator "NA"]
[PlyCount "61"]
[EventDate "2018.07.07"]
[EventType "team-tourn"]
[EventCountry "GER"]
[SourceTitle "playchess.com"]
[Source "ChessBase"]
[SourceQuality "1"]
[TimeControl "40/5400+30:1800+30"]

1. d4 Nf6 2. Nf3 g6 3. Bg5 Bg7 4. Nbd2 h6 5. Bh4 d6 6. c3 Nbd7 7. e4 g5 8. Bg3 Nh5 9. Be2 e6 10. O-O O-O 11. Ne1 Nxg3 12. hxg3 c5 13. dxc5 dxc5 14. Nc4 Nf6 15. Qc2 Qc7 16. Rd1 Bd7 17. e5 Nd5 18. Qe4 Bc6 19. Bd3 Rfd8 20. f4 g4 21. Qh7+ Kf8 22. f5 exf5 23. Rxf5 Bd7 24. Rxf7+ Kxf7 25. Nd6+ Kf8 26. Nc2 Be8 27. Rf1+ Bf7 28. Nxf7 Qxf7 29. Rxf7+ Kxf7 30. Qg6+ Kf8 31. e6 1-0